2462 views
Uploaded 2021-08-30 11:23:01
Game version 1.32.10
10:28 long 3on3 ladder game on (6)ThunderLake_LV
Saved by lowlyworm
2462 views
Uploaded 2021-08-30 11:23:01
Game version 1.32.10
10:28 long 3on3 ladder game on (6)ThunderLake_LV


75 units @ 7.8k
/ 0.3k
37 buildings @ 5.7k
/ 2.3k

| Peon | 8 | 600 | / | 0 |
| Grunt | 6 | 1200 | / | 0 |
| Goblin Shredder | 1 | 375 | / | 100 |
| total: | 15 | 2175g | / | 100w |
| Watch Tower | 2 | 220 | / | 160 |
| Orc Burrow | 5 | 800 | / | 200 |
| Altar of Storms | 1 | 180 | / | 50 |
| War Mill | 1 | 205 | / | 0 |
| Barracks | 1 | 180 | / | 50 |
| Voodoo Lounge | 1 | 130 | / | 30 |
| Stronghold | 1 | 315 | / | 190 |
| total: | 11 | 1715g | / | 490w |
| 0:18 | Orc Burrow |
| 0:23 | Altar of Storms |
| 0:25 | Peon |
| 0:25 | Peon |
| 0:25 | Peon |
| 0:55 | Peon |
| 1:18 | War Mill |
| 1:36 | Orc Burrow |
| 1:40 | Barracks |
| 2:12 | Peon |
| 2:12 | Peon |
| 2:13 | Peon |
| 2:15 | Peon |
| 2:35 | Critical Strike |
| 2:43 | Grunt |
| 2:43 | Grunt |
| 2:59 | Orc Burrow |
| 3:31 | Steel Armor |
| 4:05 | Voodoo Lounge |
| 4:39 | Stronghold |
| 5:09 | Mirror Image |
| 5:14 | Goblin Shredder |
| 5:32 | Watch Tower |
| 5:33 | Watch Tower |
| 5:40 | Grunt |
| 5:40 | Grunt |
| 7:25 | Grunt |
| 7:25 | Grunt |
| 8:44 | Orc Burrow |
| 8:44 | Orc Burrow |
| Right click | 253 |
| Select | 89 |
| Build/train/purchase | 34 |
| Resource trade | 10 |
| Misc. action | 3 |
| Item give/drop | 1 |


| Lesser Clarity Potion | 1 | 70 |
| Potion of Healing | 1 | 150 |
| total: | 2 | 220g |
| Wisp | 19 | 1140 | / | 0 |
| Archer | 5 | 650 | / | 50 |
| Druid of the Talon | 3 | 435 | / | 60 |
| total: | 27 | 2225g | / | 110w |
| Altar of Elders | 1 | 180 | / | 50 |
| Moon Well | 5 | 900 | / | 200 |
| Ancient of War | 1 | 150 | / | 60 |
| Hunter's Hall | 1 | 210 | / | 100 |
| Tree of Life | 1 | 340 | / | 185 |
| Ancient of Wonders | 1 | 90 | / | 30 |
| Ancient of Wind | 1 | 150 | / | 140 |
| Chimaera Roost | 2 | 280 | / | 380 |
| Tree of Ages | 2 | 640 | / | 360 |
| Tree of Eternity | 3 | 990 | / | 600 |
| total: | 13 | 2300g | / | 1145w |
| 0:05 | Wisp |
| 0:05 | Wisp |
| 0:05 | Wisp |
| 0:13 | Altar of Elders |
| 0:20 | Moon Well |
| 0:23 | Wisp |
| 0:48 | Ancient of War |
| 0:51 | Wisp |
| 1:05 | Wisp |
| 1:17 | Wisp |
| 1:27 | Wisp |
| 1:32 | Moon Well |
| 1:49 | Archer |
| 2:04 | Wisp |
| 2:14 | Force of Nature |
| 2:28 | Archer |
| 2:30 | Wisp |
| 2:30 | Wisp |
| 2:52 | Archer |
| 2:59 | Tree of Ages |
| 3:24 | Archer |
| 3:34 | Hunter's Hall |
| 4:07 | Entangling Roots |
| 4:20 | Tree of Life |
| 4:32 | Moon Well |
| 4:38 | Ancient of Wonders |
| 4:57 | Moon Well |
| 5:20 | Archer |
| 5:27 | Force of Nature |
| 5:46 | Lesser Clarity Potion |
| 6:35 | Tree of Eternity |
| 6:52 | Ancient of Wind |
| 6:53 | Wisp |
| 6:54 | Wisp |
| 6:54 | Wisp |
| 6:54 | Wisp |
| 6:55 | Wisp |
| 7:50 | Searing Arrows |
| 8:20 | Druid of the Talon |
| 8:20 | Druid of the Talon |
| 8:30 | Wisp |
| 8:30 | Wisp |
| 8:30 | Wisp |
| 8:34 | Reinforced Hides |
| 9:07 | Chimaera Roost |
| 9:09 | Chimaera Roost |
| 9:15 | Strength of the Wild |
| 9:17 | Druid of the Talon |
| 9:19 | Moon Well |
| 10:18 | Potion of Healing |
| Right click | 659 |
| Select group | 390 |
| Select | 154 |
| Misc. action | 68 |
| Build/train/purchase | 59 |
| Use ability | 23 |
| Assign group | 20 |
| Resource trade | 10 |
| Item give/drop | 4 |
| Minimap ping | 1 |


| Scroll of Regeneration | 2 | 200 |
| Lesser Clarity Potion | 1 | 70 |
| total: | 3 | 270g |
| Peasant | 22 | 1650 | / | 0 |
| Footman | 9 | 1215 | / | 0 |
| Rifleman | 1 | 205 | / | 30 |
| Goblin Shredder | 1 | 375 | / | 100 |
| total: | 33 | 3445g | / | 130w |
| Scout Tower | 2 | 60 | / | 40 |
| Arcane Tower | 1 | 70 | / | 50 |
| Guard Tower | 1 | 70 | / | 50 |
| Altar of Kings | 1 | 180 | / | 50 |
| Farm | 4 | 320 | / | 80 |
| Barracks | 1 | 160 | / | 60 |
| Arcane Vault | 1 | 130 | / | 30 |
| Town Hall | 1 | 385 | / | 205 |
| Lumber Mill | 1 | 120 | / | 0 |
| Blacksmith | 1 | 140 | / | 60 |
| Arcane Sanctum | 1 | 150 | / | 140 |
| Keep | 1 | 320 | / | 210 |
| total: | 13 | 1645g | / | 665w |
| 0:02 | Peasant |
| 0:02 | Peasant |
| 0:07 | Altar of Kings |
| 0:11 | Farm |
| 0:18 | Barracks |
| 0:29 | Peasant |
| 0:45 | Peasant |
| 0:45 | Peasant |
| 0:58 | Farm |
| 1:00 | Peasant |
| 1:23 | Footman |
| 1:45 | Farm |
| 1:47 | Footman |
| 1:49 | Peasant |
| 1:49 | Peasant |
| 2:10 | Footman |
| 2:14 | Blizzard |
| 2:23 | Farm |
| 2:25 | Arcane Vault |
| 2:49 | Brilliance Aura |
| 2:56 | Footman |
| 2:57 | Peasant |
| 2:57 | Peasant |
| 3:27 | Peasant |
| 3:27 | Peasant |
| 3:42 | Town Hall |
| 3:46 | Peasant |
| 4:03 | Scroll of Regeneration |
| 4:34 | Footman |
| 5:04 | Footman |
| 5:05 | Keep |
| 5:07 | Lumber Mill |
| 5:41 | Footman |
| 5:42 | Defend |
| 5:50 | Scout Tower |
| 5:55 | Blacksmith |
| 5:59 | Peasant |
| 6:55 | Footman |
| 7:08 | Footman |
| 7:10 | Peasant |
| 7:10 | Peasant |
| 7:13 | Arcane Tower |
| 7:39 | Peasant |
| 7:40 | Scout Tower |
| 7:48 | Peasant |
| 7:48 | Peasant |
| 7:48 | Peasant |
| 8:01 | Peasant |
| 8:01 | Peasant |
| 8:37 | Guard Tower |
| 9:01 | Goblin Shredder |
| 9:15 | Storm Bolt |
| 9:19 | Lesser Clarity Potion |
| 9:19 | Scroll of Regeneration |
| 9:35 | Rifleman |
| 9:58 | Arcane Sanctum |
| Select group | 357 |
| Right click | 275 |
| Select | 184 |
| Build/train/purchase | 63 |
| Misc. action | 54 |
| Assign group | 21 |
| Use ability | 13 |
| Minimap ping | 4 |
| Esc | 2 |
60 units @ 6.7k
/ 0.6k
30 buildings @ 5.2k
/ 1.8k


| Lesser Clarity Potion | 2 | 140 |
| Potion of Healing | 1 | 150 |
| Scroll of Town Portal | 2 | 700 |
| Scroll of Speed | 1 | 50 |
| Healing Salve | 2 | 200 |
| total: | 8 | 1240g |
| Wisp | 17 | 1020 | / | 0 |
| Huntress | 3 | 585 | / | 60 |
| total: | 20 | 1605g | / | 60w |
| Moon Well | 4 | 720 | / | 160 |
| Altar of Elders | 1 | 180 | / | 50 |
| Hunter's Hall | 1 | 210 | / | 100 |
| Ancient of War | 2 | 300 | / | 120 |
| Tree of Life | 1 | 340 | / | 185 |
| Ancient of Wonders | 1 | 90 | / | 30 |
| Tree of Ages | 1 | 320 | / | 180 |
| Tree of Eternity | 1 | 330 | / | 200 |
| total: | 10 | 1840g | / | 645w |
| 0:02 | Wisp |
| 0:02 | Wisp |
| 0:02 | Wisp |
| 0:20 | Moon Well |
| 0:41 | Wisp |
| 0:49 | Wisp |
| 1:00 | Altar of Elders |
| 1:05 | Wisp |
| 1:05 | Wisp |
| 1:05 | Wisp |
| 1:16 | Wisp |
| 1:34 | Wisp |
| 1:59 | Hunter's Hall |
| 2:06 | Moon Well |
| 2:08 | Ancient of War |
| 2:12 | Ancient of War |
| 2:21 | Wisp |
| 2:31 | Breath of Fire |
| 2:36 | Wisp |
| 2:37 | Moon Well |
| 3:08 | Tree of Ages |
| 3:20 | Huntress |
| 3:42 | Huntress |
| 4:19 | Huntress |
| 4:21 | Ultravision |
| 4:26 | Moon Well |
| 4:52 | Sentinel |
| 5:00 | Drunken Haze |
| 5:08 | Tree of Life |
| 5:47 | Cluster Rockets |
| 5:54 | Moon Glaive |
| 6:43 | Scroll of Town Portal |
| 6:44 | Scroll of Speed |
| 6:44 | Lesser Clarity Potion |
| 6:51 | Healing Salve |
| 7:06 | Nature's Blessing |
| 7:27 | Wisp |
| 7:27 | Wisp |
| 8:24 | Tree of Eternity |
| 8:43 | Ancient of Wonders |
| 8:48 | Wisp |
| 8:48 | Wisp |
| 8:48 | Wisp |
| 9:04 | Scroll of Town Portal |
| 9:07 | Potion of Healing |
| 9:07 | Healing Salve |
| 9:08 | Lesser Clarity Potion |
| Right click | 229 |
| Select | 212 |
| Misc. action | 115 |
| Select group | 92 |
| Build/train/purchase | 43 |
| Assign group | 21 |
| Use ability | 21 |
| Resource trade | 5 |
| Esc | 2 |
| Minimap ping | 2 |
| Item give/drop | 1 |


| Healing Salve | 2 | 200 |
| Lesser Clarity Potion | 3 | 210 |
| Potion of Healing | 1 | 150 |
| Potion of Mana | 1 | 200 |
| Scroll of Speed | 1 | 50 |
| Scroll of Town Portal | 1 | 350 |
| total: | 9 | 1160g |
| Peon | 13 | 975 | / | 0 |
| Troll Headhunter | 9 | 1260 | / | 180 |
| Harpy Windwitch | 2 | 480 | / | 60 |
| total: | 24 | 2715g | / | 240w |
| Watch Tower | 3 | 330 | / | 240 |
| Altar of Storms | 1 | 180 | / | 50 |
| Orc Burrow | 3 | 480 | / | 120 |
| War Mill | 1 | 205 | / | 0 |
| Barracks | 1 | 180 | / | 50 |
| Great Hall | 1 | 385 | / | 185 |
| Voodoo Lounge | 1 | 130 | / | 30 |
| Stronghold | 1 | 315 | / | 190 |
| Fortress | 2 | 650 | / | 380 |
| total: | 11 | 1890g | / | 675w |
| 0:02 | Peon |
| 0:02 | Peon |
| 0:07 | Altar of Storms |
| 0:18 | Peon |
| 0:20 | Orc Burrow |
| 0:24 | Peon |
| 0:50 | War Mill |
| 0:52 | Peon |
| 1:10 | Barracks |
| 1:21 | Peon |
| 1:21 | Peon |
| 1:30 | Peon |
| 1:42 | Peon |
| 1:52 | Orc Burrow |
| 1:57 | Peon |
| 2:11 | Troll Headhunter |
| 2:23 | Endurance Aura |
| 2:55 | Troll Headhunter |
| 3:17 | Great Hall |
| 3:31 | Troll Headhunter |
| 3:34 | Stronghold |
| 3:47 | Troll Headhunter |
| 3:58 | Troll Headhunter |
| 4:03 | Voodoo Lounge |
| 4:05 | War Stomp |
| 4:33 | Troll Headhunter |
| 4:34 | Watch Tower |
| 4:45 | Orc Burrow |
| 5:11 | Troll Headhunter |
| 5:45 | Troll Headhunter |
| 5:47 | Steel Ranged Weapons |
| 6:01 | Troll Regeneration |
| 7:03 | War Stomp |
| 7:24 | Watch Tower |
| 7:27 | Healing Salve |
| 7:27 | Lesser Clarity Potion |
| 7:29 | Potion of Healing |
| 7:29 | Potion of Mana |
| 7:32 | Lesser Clarity Potion |
| 7:52 | Fortress |
| 7:54 | Peon |
| 7:54 | Peon |
| 7:54 | Peon |
| 7:59 | Lesser Clarity Potion |
| 8:00 | Healing Salve |
| 8:06 | Scroll of Speed |
| 8:14 | Healing Wave |
| 8:22 | Scroll of Town Portal |
| 8:28 | Watch Tower |
| 8:59 | Harpy Windwitch |
| 9:00 | Harpy Windwitch |
| 9:18 | Troll Headhunter |
| 9:22 | Reinforced Defenses |
| 9:22 | Steel Armor |
| 9:54 | Hex |
| Right click | 434 |
| Select group | 406 |
| Select | 158 |
| Build/train/purchase | 76 |
| Assign group | 23 |
| Use ability | 16 |
| Chat | 16 |
| Misc. action | 4 |
| Esc | 3 |
| Remove unit | 1 |
| Minimap ping | 1 |


| Rod of Necromancy | 1 | 150 |
| Orb of Corruption | 1 | 375 |
| Dust of Appearance | 1 | 75 |
| Scroll of Town Portal | 1 | 350 |
| total: | 4 | 950g |
| Acolyte | 5 | 375 | / | 0 |
| Ghoul | 4 | 480 | / | 0 |
| Crypt Fiend | 6 | 1290 | / | 240 |
| Obsidian Statue | 1 | 200 | / | 35 |
| total: | 16 | 2345g | / | 275w |
| Graveyard | 1 | 215 | / | 0 |
| Crypt | 1 | 200 | / | 50 |
| Ziggurat | 4 | 600 | / | 200 |
| Altar of Darkness | 1 | 180 | / | 50 |
| Tomb of Relics | 1 | 130 | / | 30 |
| Slaughterhouse | 1 | 140 | / | 135 |
| Halls of the Dead | 2 | 640 | / | 420 |
| Black Citadel | 1 | 325 | / | 230 |
| total: | 9 | 1465g | / | 465w |
| 0:04 | Acolyte |
| 0:09 | Graveyard |
| 0:12 | Crypt |
| 0:19 | Acolyte |
| 0:19 | Acolyte |
| 0:19 | Acolyte |
| 0:42 | Ziggurat |
| 0:44 | Altar of Darkness |
| 1:03 | Tomb of Relics |
| 1:14 | Ghoul |
| 1:35 | Crypt Fiend |
| 1:48 | Ziggurat |
| 2:06 | Crypt Fiend |
| 2:36 | Ghoul |
| 2:44 | Rod of Necromancy |
| 2:44 | Dust of Appearance |
| 2:49 | Ghoul |
| 2:55 | Death Coil |
| 3:16 | Halls of the Dead |
| 3:42 | Crypt Fiend |
| 3:55 | Ziggurat |
| 4:02 | Unholy Aura |
| 4:09 | Ghoul |
| 4:22 | Crypt Fiend |
| 4:58 | Ziggurat |
| 5:00 | Crypt Fiend |
| 5:33 | Death Coil |
| 6:06 | Black Citadel |
| 6:17 | Crypt Fiend |
| 6:21 | Slaughterhouse |
| 6:28 | Creature Attack |
| 6:28 | Creature Carapace |
| 6:30 | Burrow |
| 7:32 | Web |
| 7:53 | Obsidian Statue |
| 8:45 | Unholy Aura |
| 8:46 | Frost Nova |
| 8:47 | Scroll of Town Portal |
| 8:53 | Orb of Corruption |
| 9:05 | Acolyte |
| Right click | 577 |
| Select group | 456 |
| Select | 139 |
| Chat | 67 |
| Build/train/purchase | 53 |
| Misc. action | 31 |
| Assign group | 30 |
| Use ability | 16 |
| Minimap ping | 5 |
| Item give/drop | 2 |
⇛